AoeStats
← 沒起房子我日

Nomad

510083502Analyzed
4v4 RM · 2d ago on Sep 29, 2026· 44m 21s· 8 players
Game mode
Random Map
Map size
231×231
Population
200
Speed
Normal
Resources
Standard
Victory
Conquest
Starting age
Dark Age
Ending age
Imperial Age
RankedLock teamsTeams togetherTeam positionsShared explorationLock speedFull tech treeHidden civsTurbo modeCheats
Victory
Defeat
🇬🇧 Saracens · United Kingdom
1500
+15
🇨🇳 Muisca · China
1478
+16
🇦🇷 Byzantines · Argentina
1444
+18
🇨🇳 Lithuanians · China
1423
+20
🇹🇼 Persians · Taiwan
1503
-18
🇩🇰 Sicilians · Denmark
1495
-18
🇸🇪 Koreans · Sweden
1474
-17
🇦🇺 Chinese · Australia
1461
-16
Vinkz
3:09 Loom
14:36 Feudal Age
14:52 Feudal Age
19:01 Castle Age
16:57 Double-Bit Axe
17:33 Horse Collar
19:59 Bow Saw
19:49 Fletching
21:29 Wheelbarrow
29:33 Bodkin Arrow
30:29 Heavy Plow
31:05 Town Watch
32:24 Gold Mining
34:06 Gold Shaft Mining
33:21 Stone Mining
35:05 Pikeman
35:45 Squires
36:14 Hand Cart
36:35 Scale Mail Armor
36:46 Forging
42:13 Imperial Age
40:55 Ballistics
43:14 Imperial Age
41:04 Masonry
42:21 Chain Mail Armor
42:41 Iron Casting
42:07 Padded Archer Armor
45:23 Chemistry
44:27 Bracer
45:05 Conscription
WalfTheWolf
5:53 Loom
12:51 Feudal Age
13:31 Fishing Lines
17:55 Fletching
24:29 Castle Age
26:19 Double-Bit Axe
27:21 Scale Mail Armor
30:49 Arson
31:04 Squires
40:01 Pikeman
41:19 Gillnets
42:38 Gillnets
沒起房子我日
9:43 Loom
17:25 Feudal Age
17:58 Town Watch
21:24 Castle Age
19:34 Fishing Lines
21:25 Double-Bit Axe
23:33 Wheelbarrow
27:26 Bow Saw
27:54 Horse Collar
32:45 Heavy Plow
36:34 Hand Cart
36:22 Gold Mining
38:21 Bloodlines
39:05 Gold Shaft Mining
38:52 Husbandry
42:09 Imperial Age
40:31 Scale Barding Armor
40:37 Forging
41:39 Chain Barding Armor
41:50 Cavalier
43:07 Iron Casting
42:50 Stone Mining
43:40 Plate Barding Armor
44:13 Chemistry
43:40 Ballistics
43:39 Savar
Stuve
12:27 Loom
14:38 Feudal Age
16:11 Double-Bit Axe
16:25 Double-Bit Axe
19:09 Castle Age
16:52 Fishing Lines
18:02 Scale Mail Armor
18:02 Gold Mining
18:46 Forging
18:58 Town Watch
19:09 Arson
20:28 Chain Mail Armor
21:44 Gold Shaft Mining
21:49 Bow Saw
24:44 Gillnets
26:04 Fletching
29:03 Stone Mining
30:11 Bodkin Arrow
33:24 Horse Collar
35:42 Masonry
39:43 Imperial Age
39:19 Wheelbarrow
40:14 Ballistics
41:00 Bracer
42:01 Chemistry
41:08 Capped Ram
Prigozhin
6:52 Loom
13:39 Feudal Age
17:34 Feudal Age
18:24 Double-Bit Axe
18:31 Stone Mining
21:05 Castle Age
19:15 Gold Mining
22:00 Bow Saw
24:21 Horse Collar
27:13 Fervor
27:24 Sanctity
29:01 Sanctity
31:48 Wheelbarrow
31:41 Scale Barding Armor
31:47 Forging
36:51 Chain Barding Armor
37:07 Iron Casting
40:32 Imperial Age
38:26 Bloodlines
38:16 Husbandry
40:12 Fletching
40:23 Padded Archer Armor
41:11 Hand Cart
41:37 Conscription
40:40 Elite Leitis
42:05 Plate Barding Armor
42:22 Elite Skirmisher
43:02 Bodkin Arrow
43:08 Padded Archer Armor
44:34 Bracer
44:49 Leather Archer Armor
i'm a pupil
4:15 Loom
16:16 Feudal Age
20:13 Castle Age
18:08 Double-Bit Axe
18:32 Fishing Lines
20:03 Gold Mining
21:01 Town Watch
21:28 Bow Saw
26:55 Gillnets
30:22 Wheelbarrow
32:46 Scale Mail Armor
32:47 Squires
33:29 Gold Shaft Mining
34:58 Horse Collar
36:15 Hand Cart
36:13 Heavy Plow
38:02 Fletching
38:28 Chain Mail Armor
38:24 Forging
38:33 Stone Mining
41:44 Imperial Age
39:23 Padded Archer Armor
40:25 Stone Shaft Mining
41:34 Leather Archer Armor
41:14 Bodkin Arrow
41:42 Ballistics
41:55 Forging
41:18 Champi Runner
42:00 Herbalism
41:47 Elite Temple Guard
42:59 Plate Mail Armor
42:50 Conscription
41:51 Elite Guecha Warrior
42:40 Huaracas
42:04 Capped Ram
44:26 Iron Casting
43:51 Bracer
44:45 Conscription
43:46 Elite Guecha Warrior
elchinaleikazo
7:34 Loom
13:20 Feudal Age
19:09 Fletching
29:07 Castle Age
28:43 Double-Bit Axe
36:44 Imperial Age
34:43 Bow Saw
36:02 Bodkin Arrow
42:35 Two-Man Saw
Locke
12:49 Feudal Age
16:55 Castle Age
15:17 Double-Bit Axe
15:23 Fletching
16:34 Fishing Lines
17:33 Bodkin Arrow
18:36 Bow Saw
20:54 Gold Mining
22:26 Loom
23:05 Gillnets
24:40 Padded Archer Armor
25:33 Sanctity
26:18 Bloodlines
27:00 Ballistics
26:49 Husbandry
28:20 Stone Mining
36:44 Imperial Age
35:35 Medium Warships
37:13 Leather Archer Armor
37:54 Gold Shaft Mining
38:30 Chemistry
38:35 Scale Barding Armor
38:41 Forging
40:58 Chain Barding Armor
41:06 Conscription
41:33 Bracer
42:42 Siege Engineers
43:28 Masonry
45:14 Plate Barding Armor
Connection lost

Rejoining the realm…

Still unreachable

The connection could not be restored.

Session expired

The server has moved on; the page needs a fresh start.